 Dungeon Crawl Stone Soup version 0.28.0-45-g0d030f2227 (webtiles) character file.

Game seed: 17949667757477787442

147 zeratav the Insei (level 5, -3/34 HPs)
             Began as an Octopode Transmuter on Apr 12, 2022.
             Killed by divine providence
             ... invoked by an orc priest
              (10 damage)
             ... on level 3 of the Dungeon.
             The game lasted 00:01:55 (2172 turns).

zeratav the Insei (Octopode Transmuter)             Turns: 2172, Time: 00:01:56

Health: -3/34      AC:  1    Str:  9    XL:     5   Next: 29%
Magic:  8/8        EV: 14    Int: 15    God:
Gold:   85         SH:  0    Dex: 15    Spells: 7/8 levels left

rFire   . . .      SeeInvis .     - Unarmed
rCold   . . .      Faith    .   (no shield)
rNeg    . . .      Spirit   .   (helmet currently unavailable)
rPois   .          Reflect  .   (no amulet)
rElec   .          Harm     .   (no ring)
rCorr   .          Rampage  .   (no ring)
Will    .....                   (no ring)
Stlth   +++.......              (no ring)
HPRegen 0.11/turn               (no ring)
MPRegen 0.11/turn               (no ring)
                                (no ring)
                                (no ring)

@: appendages
A: tentacle spike 3, almost no armour, amphibious, 8 rings, camouflage 1,
gelatinous body 1, (nimble swimmer 1), tentacles
a: End Transformation


You were on level 3 of the Dungeon.
One of your tentacles had grown a beastly spike.
You visited 1 branch of the dungeon, and saw 3 of its levels.

You collected 85 gold pieces.


Innate Abilities, Weirdness & Mutations

One of your tentacles has grown a beastly spike.
You cannot wear most types of armour.
You are amphibious.
You can wear up to eight rings at the same time.
Your skin changes colour to match your surroundings (Stealth+).
Your rubbery body absorbs attacks. (AC +1, EV +1)
((You are camouflaged when in or above water. (Stealth+)))
You have tentacles for arms and can constrict up to eight enemies at once.


   Skills:
 + Level 2.2 Fighting
 + Level 2.7 Dodging
 + Level 2.8 Stealth
 + Level 1.3 Shields
 * Level 4.1 Unarmed Combat
 - Level 2.0 Spellcasting
 - Level 2.0 Transmutations


You had 7 spell levels left.
You knew the following spells:

 Your Spells              Type           Power      Damage    Failure   Level
a - Beastly Appendage     Tmut           14%        N/A       10%         1

Your spell library contained the following spells:

 Spells                   Type           Power      Damage    Failure   Level
 Wereblood                Tmut           7%         N/A       14%         2
 Spider Form              Tmut/Pois      4%         N/A       41%         3
 Ice Form                 Ice/Tmut       4%         N/A       82%         4

Inventory:

Armour
 c - a +0 buckler
   (You found it on level 1 of the Dungeon)
Scrolls
 a - a scroll of magic mapping {unknown}
 b - a scroll of teleportation {unknown}
 e - a scroll of blinking {unknown}
 g - a scroll of noise {unknown}
 h - a scroll of fear {unknown}
 i - a scroll of summoning {unknown}
 j - a scroll of identify {unknown}
Potions
 d - a potion of haste {unknown}
 f - a potion of flight {unknown}

Dungeon Overview and Level Annotations

Branches:
Dungeon (3/15)

Altars:

Annotations:
D:3 Grinder

....... .......
.ooo... .......
.......##
#....o5# #o# #o#
#@# #.# #.# ##.#
##..#
.########...####
...............+
.########...####
##...#


You could see Grinder, an orc priest and 2 orcs.


Message History

The kobold closely misses you.
You tentacle-slap the kobold.
You kill the kobold!
No target in view!
No target in view!
No target in view!
No target in view!
No target in view!
No target in view!
No target in view!
No target in view!
No target in view!
No target in view!
No target in view!
No target in view!
Things that are here:
a +0 whip {mace}; a kobold corpse; MP[+1]
Your mp is fully restored (8).
Your tentacle spike disappears.
A ball python comes into view.
A ball python is nearby!
One of your tentacles grows a vicious spike.
MP[-1]
You lost 1 mp, and now have 7/8 mp.
Your transformation is almost over.
The helpless ball python fails to defend itself.
You tentacle-slap the ball python.
You kill the ball python!
No target in view!
No target in view!
No target in view!
No target in view!
No target in view!
No target in view!
No target in view!
No target in view!
No target in view!
No target in view!
You see here a ball python corpse.
You see here 19 sling bullets.
Your tentacle spike disappears.
Found a stone staircase leading down.
MP[+1]
Your mp is fully restored (8).
You now have 85 gold pieces (gained 17).
j - a scroll labelled TOHADI SUIGOLU An orc comes into view.
It is wielding a +0 mace.
An orc is nearby!
One of your tentacles grows a vicious spike.
MP[-1]
You lost 1 mp, and now have 7/8 mp.
Grinder, an orc priest, 2 orcs and an adder come into view.
Found a stone staircase leading down.
Grinder shouts!
The orc shouts!
The orc priest shouts!
The adder hisses angrily.
The orc shouts! x2
The adder bites you.
You are poisoned.
The adder poisons you!
HP[-5]
You take 5 damage, and now have 29/34 hp.
You feel sick.
HP[-2]
You take 2 damage, and now have 27/34 hp.
You tentacle-slap the adder. You grab the adder. You squeeze the adder.
You constrict the adder.
You feel sick. The adder misses you.
HP[-1]
You take 1 damage, and now have 26/34 hp.
You tentacle-slap the adder.
You kill the adder!
You feel sick.
HP[-1]
You take 1 damage, and now have 25/34 hp.
You closely miss the orc priest. Your grab misses the orc priest.
You feel sick.
The orc priest hits you with a +0 hand axe.
HP[-2]
You take 2 damage, and now have 23/34 hp.
You tentacle-slap the orc priest but do no damage.
Your grab misses the orc priest.
You squeeze the orc priest, but do no damage.
You feel sick.
Grinder says, "I used to sell toenails on the black market."
HP[-1]
You take 1 damage, and now have 22/34 hp.
You tentacle-slap the orc priest but do no damage.
You grab the orc priest.
You constrict the orc priest, but do no damage.
You feel sick.
The orc priest invokes the aid of Beogh against you.
Pain shoots through your body!
* * * LOW HITPOINT WARNING * * *
HP[-14]
You take 14 damage, and now have 8/34 hp.
MASSIVE DAMAGE!! (PAUSE)
You tentacle-slap the orc priest.
You pierce the orc priest.
You squeeze the orc priest. You constrict the orc priest.
You feel sick.
You are no longer poisoned.
The orc priest mumbles some strange prayers to Beogh against you.
Beogh smites you!
You die...

Skill      XL: |  1  2  3  4 |
---------------+-------------+-----
Stealth        | 1 2 |  2.8
Fighting       | 2 |  2.2
Shields        | 1 |  1.3
Unarmed Combat | 4 |  4.1
Dodging        | |  2.7
Spellcasting   | |  2.0
Transmutations | |  2.0

Action                   |  1- 3 |  4- 6 || total
-------------------------+-------+-------++-------
Melee: Unarmed           |    76 |    28 ||   104
       Kick              |    19 |     8 ||    27
       Tentacles         |    16 |     9 ||    25
       Constrict         |    21 |     7 ||    28
       Punch             |     2 |     1 ||     3
 Cast: Beastly Appendage |    21 |    11 ||    32
 Stab: Sleeping          |     7 |     2 ||     9
Armor: Skin              |     5 |     2 ||     7
Dodge: Dodged            |    54 |    11 ||    65

Levels and vault maps discovered:
D:1:      elethiomel_arrival_shortcut, layout_basic,
          ebering_ecumenical_altar_sacrificial, minmay_pentomino_o4
D:2:      layout_basic, uniq_jessica
D:3:      layout_loops_corners, uniq_sigmund, uniq_grinder

Notes
Turn   | Place    | Note
-------+----------+-------------------------------------------
     0 | D:1      | zeratav the Octopode Transmuter began the quest for the
                  | Orb.
     0 | D:1      | Reached XP level 1. HP: 13/13 MP: 3/3
     0 | D:1      | magus.rc [v1.9.6]
   155 | D:1      | Reached XP level 2. HP: 14/18 MP: 5/5
   276 | D:1      | Reached skill level 1 in Stealth
   311 | D:1      | Found a faded altar of an unknown god.
   867 | D:1      | Reached XP level 3. HP: 16/23 MP: 4/6
  1614 | D:2      | Reached skill level 2 in Stealth
  1642 | D:2      | Noticed Jessica
  1652 | D:2      | Killed Jessica
  1653 | D:2      | Reached skill level 2 in Fighting
  1653 | D:2      | Reached XP level 4. HP: 25/29 MP: 7/7
  1717 | D:2      | Reached skill level 1 in Shields
  1774 | D:2      | Reached skill level 4 in Unarmed Combat
  1774 | D:2      | Reached XP level 5. HP: 30/34 MP: 6/8
  2164 | D:3      | Noticed Grinder
  2171 | D:3      | HP: 8/34 [orc priest/nerve-wracking pain (13)]
  2172 | D:3      | Killed from afar by an orc priest

Vanquished Creatures
  A water moccasin skeleton (D:2)
  Jessica (D:2)
  3 adders
  A dart slug (D:1)
  4 ball pythons
  6 bats
  3 endoplasms (D:1)
  3 giant cockroaches
  2 goblins (D:1)
  2 hobgoblins
  6 jackals
  3 quokkas
  2 frilled lizards
  4 kobolds
  4 rats
45 creatures vanquished.

Table legend:
 A = Non-vault XP
 B = Vault XP
 C = Vault XP percentage of total XP
 D = Non-vault monster count
 E = Vault monster count
 F = Vault count percentage of total count
                 A         B        C        D         E       F
            +---------+---------+-------+---------+---------+-------
      Total |     170 |      40 |  19.0 |      42 |       3 |   6.7
            +---------+---------+-------+---------+---------+-------
        D:1 |      42 |       3 |   6.7 |      24 |       2 |   7.7
        D:2 |     107 |      37 |  25.7 |      12 |       1 |   7.7
        D:3 |      21 |       0 |   0.0 |       6 |       0 |   0.0
            +---------+---------+-------+---------+---------+-------

Illustrated notes

Table legend:
 A = Kills in this place as a percentage of kills in entire the game.
 B = Kills by you in this place as a percentage of kills by you in the entire game.
 C = Kills by friends in this place as a percentage of kills by friends in the entire game.
 D = Other kills in this place as a percentage of other kills in the entire game.
 E = Experience gained in this place as a percentage of experience gained in the entire game.
 F = Experience gained in this place divided by the number of levels of this place that you have seen.
                   A       B       C       D       E      F
               +-------+-------+-------+-------+-------+----------------------
         Total | 100.0 | 100.0 |   N/A |   N/A | 100.0 |  70.0
       Dungeon | 100.0 | 100.0 |   N/A |   N/A | 100.0 |  70.0
               +-------+-------+-------+-------+-------+----------------------

Table legend: (Time is in decaauts)
 A = Elapsed time spent in this place.
 B = Non-inter-level travel time spent in this place.
 C = Inter-level travel time spent in this place.
 D = Time resting spent in this place.
 E = Time spent auto-exploring this place.
 F = Levels seen in this place.
 G = Mean time per level.
                   A        B        C        D        E       F      G
               +--------+--------+--------+--------+--------+-----+--------+
         Total |   2164 |   2133 |     31 |      0 |   1842 |   3 |  721.3 |
       Dungeon |   2164 |   2133 |     31 |      0 |   1842 |   3 |  721.3 |
               +--------+--------+--------+--------+--------+-----+--------+

Top non-repeatable levels by time:
     D:1: 1248 daAuts
     D:2: 656 daAuts
     D:3: 259 daAuts
